 Dungeon Crawl Stone Soup version 0.20.0-3-g22ec75f (webtiles) character file.

175 Deemzul the Shield-Bearer (level 5, -6/42 HPs)
             Began as a Formicid Fighter on May 26, 2017.
             Mangled by a gnoll
             ... wielding a +1 spear of venom
              (7 damage)
             ... on level 3 of the Dungeon.
             The game lasted 00:02:11 (2086 turns).

Deemzul the Shield-Bearer (Formicid Fighter)        Turns: 2086, Time: 00:02:12

Health: -6/42      AC:  7    Str: 20 (22) XL:     5   Next: 86%
Magic:  5/5        EV:  6    Int:  4 (7)  God:
Gold:   90         SH: 14    Dex:  9 (10) Spells: 4/4 levels left

rFire    + . .     SeeInvis +   a - +0 war axe
rCold    + . .     Gourm    .   t - +0 large shield
rNeg     . . .     Faith    .   b - +0 scale mail
rPois    +         Spirit   .   (helmet unavailable)
rElec    +         Reflect  .   (no cloak)
rCorr    +         Harm     .   (no gloves)
MR       .....                  (no boots)
Stlth    ..........             (no amulet)
Regen    0.2/turn               (no ring)
MPRegen  0.1/turn               (no ring)

@: lethally poisoned (-6 -> -17), resistant, very slightly contaminated,
invisible
A: permanent stasis, dig shafts and tunnels, four strong arms, antennae 3
a: Dig, Shaft Self


You were on level 3 of the Dungeon.
You were not hungry.

You visited 1 branch of the dungeon, and saw 3 of its levels.

You collected 90 gold pieces.

Inventory:

Hand Weapons
 a - a +0 war axe (weapon)
 p - a +0 dagger of venom
Armour
 b - a +0 scale mail (worn)
 t - a +0 large shield (worn)
Scrolls
 c - a scroll of amnesia {unknown}
 e - a scroll of fog {unknown}
 i - 2 scrolls of identify {unknown}
 j - a scroll of fear {unknown}
 q - a scroll of teleportation {unknown}
 s - a scroll of magic mapping {unknown}
 v - a scroll of random uselessness {unknown}
 x - a scroll of noise {unknown}
Potions
 d - a potion of might
 h - a potion of curing {unknown}
 k - a potion of resistance
 m - a potion of lignification {unknown}
 n - a potion of degeneration
 r - a potion of flight {unknown}
 u - a potion of mutation {unknown}
 w - a potion of ambrosia {unknown}
Comestibles
 f - 2 bread rations
 l - a royal jelly
 o - 2 fruits


   Skills:
 + Level 4.2 Fighting
 * Level 3.9 Axes
 + Level 4.1 Armour
 + Level 4.2 Shields


You had 4 spell levels left.
You didn't know any spells.

Dungeon Overview and Level Annotations

Branches:
Dungeon (3/15)

Altars:

Annotations:
D:3 Unholydonuts's ghost, amateur GrGl


Innate Abilities, Weirdness & Mutations

You cannot be hasted, slowed, berserked, paralysed or teleported.
You can dig through walls and to a lower floor.
Your four strong arms can wield two-handed weapons with a shield.
You have a pair of large antennae on your head. (SInv)


Message History

You feel weakened.
You feel dopey.
You feel clumsy.
* * * LOW HITPOINT WARNING * * *
You feel sick. You block the gnoll's attack.
It was a potion of invisibility.
You fade into invisibility!
* * * LOW HITPOINT WARNING * * *
You feel sick. You block the gnoll's attack.
You are very lightly contaminated with residual magic.
Unknown command.
You slash the gnoll!
The gnoll is almost dead.
* * * LOW HITPOINT WARNING * * *
You feel sick. You block the gnoll's attack.
Unknown command.
You barely miss the gnoll.
The gnoll is almost dead.
* * * LOW HITPOINT WARNING * * *
You feel sick.
The gnoll hits you with a spear of venom!
You die...

....#####.#
.##.......# .##..####
.##....)# †##...†.# #
..#.....# #.#
........# ..
>.(.....######.######
#...##..#......g@...#
#...###.#.#..#.####.#
....###.# # #.#
.......<# #.#
.....#.###### #.#
.#####.##...# #.# .#
###....#.# #.#
.###......#.# #.#
[.........#.# #.#


You could see a gnoll.

Vanquished Creatures
  8 gnolls
  2 adders
  3 worms (D:2)
  3 dart slugs (D:1)
  3 leopard geckos (D:1)
  A ball python (D:2)
  5 bats
  5 giant cockroaches
  8 goblins
  4 hobgoblins
  6 jackals (D:1)
  8 kobolds
  2 frilled lizards
  6 rats
64 creatures vanquished.

Notes
Turn   | Place    | Note
-------+----------+-------------------------------------------
     0 | D:1      | Deemzul the Formicid Fighter began the quest for the Orb.
     0 | D:1      | Reached XP level 1. HP: 18/18 MP: 1/1
    46 | D:1      | Reached XP level 2. HP: 23/24 MP: 2/2
    97 | D:1      | Reached XP level 3. HP: 15/29 MP: 3/3
  1077 | D:2      | Reached XP level 4. HP: 25/36 MP: 4/4
  1380 | D:2      | Reached XP level 5. HP: 27/42 MP: 5/5
  1770 | D:3      | Noticed Unholydonuts's ghost (amateur GrGl)
  2086 | D:3      | HP: 1/42 [poisoned by a gnoll]
  2086 | D:3      | Mangled by a gnoll

Skill      XL: |  1  2  3  4  5 |
---------------+----------------+-----
Axes           | 3 |  3.9
Fighting       | 4 |  4.2
Armour         | 4 |  4.1
Shields        | 4 |  4.2

Action                   |  1- 3 |  4- 6 || total
-------------------------+-------+-------++-------
Melee: War axe           |    87 |   113 ||   200
  Use: Potion            |       |     3 ||     3
  Eat: Chunk             |       |     4 ||     4
Armor: Scale mail        |    38 |    29 ||    67
Dodge: Dodged            |    31 |    23 ||    54
Block: Shield            |    51 |    13 ||    64
       Large shield      |       |    76 ||    76
